 Dungeon Crawl Stone Soup version 0.28.0-53-g5a82cb258f (webtiles) character file.

Game seed: 14004493093025721665

35 Peloso the Skirmisher (level 3, 29/29 HPs)
             Began as a Demonspawn Fighter on June 4, 2022.
             Got out of the dungeon alive.
             The game lasted 00:01:29 (1179 turns).

Peloso the Skirmisher (Demonspawn Fighter)          Turns: 1179, Time: 00:01:29

Health: 29/29      AC:  6    Str: 18    XL:     3   Next: 17%
Magic:  3/3        EV:  9    Int:  9    God:
Gold:   25         SH:  4    Dex: 12    Spells: 2/2 levels left

rFire   . . .      SeeInvis .   a - +0 long sword
rCold   . . .      Faith    .   c - +0 buckler
rNeg    . . .      Spirit   .   b - +0 scale mail
rPois   .          Reflect  .   (no helmet)
rElec   .          Harm     .   (no cloak)
rCorr   .          Rampage  .   (no gloves)
Will    .....                   (no boots)
Stlth   ..........              (no amulet)
HPRegen 0.09/turn               (no ring)
MPRegen 0.08/turn               (no ring)

@: no status effects
A: claws 1, demonic magic 1
a: no special abilities


You escaped.
You visited 1 branch of the dungeon, and saw 1 of its levels.

You collected 25 gold pieces.

Inventory:

Hand Weapons
 a - a +0 long sword (weapon)
Armour
 b - a +0 scale mail (worn)
 c - a +0 buckler (worn)
Scrolls
 f - 2 scrolls of teleportation {unknown}
 g - 2 scrolls of vulnerability {unknown}
 h - a scroll of identify {unknown}
Potions
 d - a potion of might
 e - a potion of curing {unknown}


   Skills:
 + Level 3.5 Fighting
 + Level 2.0 Long Blades
 + Level 3.1 Armour
 + Level 3.0 Shields


You had 2 spell levels left.
You didn't know any spells.
Your spell library was empty.

Dungeon Overview and Level Annotations

Branches:
Dungeon (1/15)

Altars:


Innate Abilities, Weirdness & Mutations

You have sharp fingernails.
Spells you cast may paralyse adjacent enemies.


Message History

A giant cockroach is nearby!
A giant cockroach is nearby!
You hit the giant cockroach but do no damage.
The giant cockroach closely misses you.
You hit the giant cockroach but do no damage.
The giant cockroach bites you. The giant cockroach closely misses you.
You hit the giant cockroach.
You kill the giant cockroach!
You see here a giant cockroach corpse.
A kobold comes into view. It is wielding a +0 dagger.
A kobold is nearby!
A kobold is nearby!
A kobold is nearby!
You barely miss the kobold. The kobold hits you with a +0 dagger.
You closely miss the kobold. The kobold hits you with a +0 dagger.
You hit the kobold.
You kill the kobold!
Things that are here:
a +0 dagger; a kobold corpse
Things that are here:
a +0 dagger; a kobold corpse You see here 24 arrows.
You see here 22 stones.
You see here 2 poisoned darts.
There is an open door here.
You see here a +0 club.
Found a scale mail.
Done exploring.
Done exploring.
Done exploring.
Search for what [? for help]? armour Search for what [Enter for "armour", or ? for help]? weapon
(D) Dungeon
Where to? (? - help)
What level of the Dungeon? (default 1, ? - help)
You see here a +0 club.
There is an open door here.
There is a staircase leading out of the dungeon here.
Are you sure you want to leave the Dungeon?
This will make you lose the game!
You have escaped!

.# ##.## .# #..#
.############### ##.#
##.......(.....##### #.##
.....#######.......####..#
..###.......###......###.#
##.............###....##.#
.....#######......#...##.#
...### ###..@..#...#.# ..##
##....#...#.# ..##
##....#...#.## ...###
###.....#...#..#
.....#######......#...###.#
##.............###....##..#
..###.....).###......##.†##
.....#######.......####..#
##.............#####.....#


There were no monsters in sight!

Vanquished Creatures
  A dart slug (D:1)
  3 ball pythons (D:1)
  2 endoplasms (D:1)
  2 giant cockroaches (D:1)
  3 goblins (D:1)
  3 hobgoblins (D:1)
  3 jackals (D:1)
  3 kobolds (D:1)
  A quokka (D:1)
  4 bats (D:1)
  2 frilled lizards (D:1)
  A rat (D:1)
28 creatures vanquished.

Notes
Turn   | Place    | Note
-------+----------+-------------------------------------------
     0 | D:1      | Peloso the Demonspawn Fighter began the quest for the Orb.
     0 | D:1      | Reached XP level 1. HP: 18/18 MP: 1/1
   263 | D:1      | Gained mutation: You have sharp fingernails. [demonic
                  | ancestry]
   263 | D:1      | Reached XP level 2. HP: 24/24 MP: 2/2
   659 | D:1      | Gained mutation: Spells you cast may paralyse adjacent
                  | enemies. [demonic ancestry]
   659 | D:1      | Reached XP level 3. HP: 29/29 MP: 3/3
   675 | D:1      | Found a faded altar of an unknown god.
  1179 | D:$      | Got out of the dungeon alive.

Illustrated notes

Levels and vault maps discovered:
D:1:      dpeg_arrival_oval, layout_basic, chequers_ecumenical_altar_twisty

Skill      XL: |  1  2  3 |
---------------+----------+-----
Shields        | 3 |  3.0
Armour         | 3 |  3.1
Long Blades    | 2 |  2.0
Fighting       | |  3.5

Action                   || total
-------------------------++-------
Melee: Long sword        ||    96
Armor: Scale mail        ||    61
Dodge: Dodged            ||    53
Block: Buckler           ||    26
